 Dungeon Crawl Stone Soup version 0.25-a0-458-g6fc7858b95 (webtiles) character file.

Game seed: 11700234952504039757, levelgen mode: deterministic

1339 Glundar the Ruffian (level 8, -6/78 HPs)
             Began as a Troll Monk on Feb 2, 2020.
             Was an Elder of Wu Jian.
             Mangled by an orc warrior
             ... wielding a +0 halberd
              (18 damage)
             ... on level 6 of the Dungeon.
             The game lasted 00:22:42 (4289 turns).

Glundar the Ruffian (Troll Monk)                    Turns: 4289, Time: 00:22:43

Health: -6/78      AC:  6    Str: 25    XL:     8   Next: 35%
Magic:  0/7        EV: 11    Int:  6    God:    Wu Jian [****..]
Gold:   206        SH:  0    Dex: 12    Spells: 7/7 levels left

rFire    + . .     SeeInvis .   a - +7 long sword of Miphequ {vamp, Str+3}
rCold    x . .     Gourm    +   (no shield)
rNeg     . . .     Faith    .   y - +0 robe
rPois    .         Spirit   +   (helmet restricted)
rElec    .         Reflect  .   z - scarf {Spirit}
rCorr    .         Harm     .   (gloves unavailable)
MR       .....                  (boots unavailable)
Stlth    ++........             (no amulet)
HPRegen  0.63/turn              r - ring of fire
MPRegen  0.10/turn              (no ring)

@: no status effects
A: large, unfitting armour, claws 3, fast metabolism 3, gourmand, regeneration
1, shaggy fur 1, tough skin 3
a: Wall Jump, Serpent's Lash, Renounce Religion


You were on level 6 of the Dungeon.
You worshipped Wu Jian.
Wu Jian was greatly pleased with you.
You were completely stuffed.

You visited 1 branch of the dungeon, and saw 6 of its levels.

You collected 301 gold pieces.
You spent 95 gold pieces at shops.

Inventory:

Hand Weapons
 a - the +7 long sword of Miphequ (weapon) {vamp, Str+3}
   (You found it on level 4 of the Dungeon)

   It inflicts no extra harm, but heals its wielder when it wounds a living foe.
   It affects your strength (+3).
 b - a +1 hunting sling
Missiles
 p - 135 stones (quivered)
 u - 3 silver boomerangs
 v - 12 boomerangs
Armour
 y - a +0 robe (worn)
 z - a scarf of spirit shield (worn)
Jewellery
 r - a ring of fire (left claw)
Wands
 j - a wand of enslavement (8)
 s - a wand of paralysis (10)
 t - a wand of iceblast (10)
 x - a wand of disintegration (11)
Scrolls
 c - 2 scrolls of blinking {unknown}
 d - 8 scrolls of remove curse
 i - 2 scrolls of magic mapping {unknown}
 l - 3 scrolls of enchant weapon
 m - 3 scrolls of teleportation {unknown}
 n - a scroll of fog {unknown}
Potions
 e - a potion of flight {unknown}
 g - 3 potions of lignification
 h - a potion of heal wounds {unknown}
 k - a potion of curing {unknown}
 q - 2 potions of might {unknown}
 w - a potion of degeneration {unknown}
Comestibles
 f - 7 chunks of flesh
 o - 10 rations


   Skills:
 + Level 4.0 Fighting
 * Level 3.4 Long Blades
 + Level 4.5 Dodging
 + Level 2.6 Stealth
 - Level 6.3 Unarmed Combat


You had 7 spell levels left.
You didn't know any spells.
Your spell library was empty.

Dungeon Overview and Level Annotations

Branches:
Dungeon (6/15)
 Temple: D:4-7

Altars:
Nemelex Xobeh
Okawaru
Qazlal
Trog
Wu Jian
Xom
Yredelemnul
Zin

Shops:
D:5 ?


Innate Abilities, Weirdness & Mutations

You are too large for most types of armour.
You have claws for hands.
Your metabolism is lightning-fast.
You like to eat raw meat.
Your natural rate of healing is unusually fast.
You are covered in fur. (AC +1)
You have extremely tough skin. (AC +3)


Message History

You spin to attack the orc warrior, but your attack speed is too slow for a blow to land.
The orc warrior hits you with a +0 halberd!
* * * LOW HITPOINT WARNING * * *
Found an escape hatch in the floor.
Things that are here:
a +0 trident; a +0 leather armour You closely miss the orc warrior.
The orc warrior hits you but does no damage.
You hit the orc warrior but do no damage.
The orc warrior hits you with a +0 halberd.
* * * LOW HITPOINT WARNING * * *
You barely miss the orc warrior. The orc warrior barely misses you.
You hit the orc warrior.
You feel better.
Your claw misses the orc warrior.
The orc warrior is lightly wounded.
The orc warrior hits you with a +0 halberd!
* * * LOW HITPOINT WARNING * * *
You closely miss the orc warrior.
The orc warrior is lightly wounded.
The orc warrior hits you with a +0 halberd!!
You die...

.....##....#.###
#### #....#.#
#....#.###
###......#
#......#
#......#
##.#+### #)#.#
#@o.# ##..# ..#
..# ..# ..# ..#
#>#


You could see an orc warrior.

Vanquished Creatures
  Grinder (D:5)
  Sigmund (D:3)
  2 sky beasts
  An ogre (D:5)
  2 scorpions (D:5)
  4 orc priests
  A bullfrog skeleton (D:5)
  Natasha (D:2)
  Terence (D:3)
  2 orc wizards
  5 worker ants
  2 hound skeletons (D:4)
  9 adders
  A shadow imp (D:5)
  An ooze (D:5)
  2 worms (D:2)
  2 dart slugs
  7 leopard geckos
  21 orcs
  4 giant cockroaches
  11 goblins
  6 hobgoblins
  2 jackals (D:2)
  5 quokkas
  3 bats
  7 frilled lizards
  A giant cockroach zombie (D:5)
  A jackal skeleton (D:5)
  6 kobolds
  4 leopard gecko skeletons
  12 rats
128 creatures vanquished.

Notes
Turn   | Place    | Note
-------+----------+-------------------------------------------
     0 | D:1      | Glundar the Troll Monk began the quest for the Orb.
     0 | D:1      | Reached XP level 1. HP: 22/22 MP: 0/0
   145 | D:1      | Reached XP level 2. HP: 29/29 MP: 1/1
   687 | D:2      | Found a faded altar of an unknown god.
   703 | D:2      | Became a worshipper of the Wu Jian Council
   703 | D:2      | Reached * piety under Wu Jian
   703 | D:2      | Reached ** piety under Wu Jian
   714 | D:2      | Reached XP level 3. HP: 34/36 MP: 2/2
   926 | D:2      | Found a glowing silver altar of Zin.
  1041 | D:2      | Reached *** piety under Wu Jian
  1216 | D:2      | Found an ornate altar of the Wu Jian Council.
  1217 | D:2      | Found a basalt altar of Yredelemnul.
  1565 | D:2      | Noticed Natasha
  1574 | D:2      | Killed Natasha
  1574 | D:2      | Reached XP level 4. HP: 19/44 MP: 3/3
  1774 | D:3      | Noticed Terence
  1802 | D:3      | Killed Terence
  1802 | D:3      | Reached skill level 4 in Unarmed Combat
  1944 | D:3      | Reached XP level 5. HP: 52/52 MP: 4/4
  2044 | D:3      | Noticed Sigmund
  2060 | D:3      | Killed Sigmund
  2060 | D:3      | Reached skill level 5 in Unarmed Combat
  2060 | D:3      | Reached XP level 6. HP: 38/61 MP: 5/5
  2570 | D:3      | Found a stormy altar of Qazlal.
  2596 | D:4      | Found a bloodstained altar of Trog.
  2790 | D:4      | Found a sparkling altar of Nemelex Xobeh.
  2795 | D:4      | Reached skill level 6 in Unarmed Combat
  2829 | D:4      | Reached XP level 7. HP: 62/67 MP: 6/6
  2857 | D:4      | Got a translucent long sword
  2858 | D:4      | Identified the +7 long sword of Miphequ {vamp, Str+3} (You
                  | found it on level 4 of the Dungeon)
  2949 | D:4      | Reached **** piety under Wu Jian
  3118 | D:5      | Entered Level 5 of the Dungeon
  3124 | D:5      | Reached skill level 1 in Long Blades
  3202 | D:5      | Found Jaosteot's Magic Scroll Boutique.
  3212 | D:5      | Bought a scroll of identify for 20 gold pieces
  3212 | D:5      | Bought a scroll of enchant weapon for 75 gold pieces
  3648 | D:5      | Noticed Grinder
  3659 | D:5      | Killed Grinder
  3659 | D:5      | Reached XP level 8. HP: 53/78 MP: 4/7
  4008 | D:6      | Found a shimmering altar of Xom.
  4137 | D:6      | Found an iron altar of Okawaru.
  4289 | D:6      | Mangled by an orc warrior

Levels and vault maps discovered:
D:1:      saegor_arrival_simple_d, layout_rooms
D:2:      layout_basic, zin_academy, gammafunk_temple_overflow_pools,
          chequers_ecumenical_altar_simple_redux, uniq_natasha
D:3:      layout_basic, nicolae_overflow_hidden_temple, uniq_sigmund,
          uniq_terence
D:4:      layout_gridville, overflow_temple_1_default,
          overflow_temple_1_default, serial_forest,
          infiniplex_forest_lined_corner, infiniplex_forest_lined_1,
          infiniplex_forest_zigzag_2, infiniplex_forest_clump_diagonal,
          infiniplex_forest_lined_3_way, infiniplex_forest_clump_double,
          infiniplex_forest_lined_3, nrook_campfire
D:5:      layout_gridville, first_ration, serial_shops, nicolae_shop_crystal,
          uniq_grinder
D:6:      layout_basic, palyth_temple_overflow_mages,
          kennysheep_okawaru_gauntlet, xom_teletrap_fun, serial_shops,
          nicolae_shop_window_shopping

Skill      XL: |  1  2  3  4  5  6  7  8 |
---------------+-------------------------+-----
Dodging        | 3 4 |  4.5
Unarmed Combat | 4 5 6 |  6.3
Fighting       | 3 4 |  4.0
Long Blades    | 2 3 |  3.4
Stealth        | 2 |  2.6

Action                   |  1- 3 |  4- 6 |  7- 9 || total
-------------------------+-------+-------+-------++-------
Melee: Unarmed           |   107 |   111 |     2 ||   220
       Punch             |     4 |     2 |     2 ||     8
       Long sword        |       |       |    92 ||    92
 Fire: Hunting sling     |       |       |    11 ||    11
Invok: Lunge             |     2 |    12 |     9 ||    23
  Use: Scroll            |     1 |       |     2 ||     3
 Stab: Sleeping          |     1 |     6 |     4 ||    11
  Eat: Chunk             |    20 |    12 |    13 ||    45
Armor: Robe              |    22 |    29 |    32 ||    83
Dodge: Dodged            |    52 |    40 |    54 ||   146
       Rpst.: Long sword |       |       |    17 ||    17

Table legend:
 A = Non-vault XP
 B = Vault XP
 C = Vault XP percentage of total XP
 D = Non-vault monster count
 E = Vault monster count
 F = Vault count percentage of total count
                 A         B        C        D         E       F
            +---------+---------+-------+---------+---------+-------
      Total |    1336 |     577 |  30.2 |     122 |       6 |   4.7
            +---------+---------+-------+---------+---------+-------
        D:1 |      30 |       0 |   0.0 |      19 |       0 |   0.0
        D:2 |      56 |      36 |  39.1 |      23 |       1 |   4.2
        D:3 |     161 |     256 |  61.4 |      27 |       2 |   6.9
        D:4 |     278 |       0 |   0.0 |      21 |       0 |   0.0
        D:5 |     517 |     281 |  35.2 |      17 |       1 |   5.6
        D:6 |     294 |       4 |   1.3 |      15 |       2 |  11.8
            +---------+---------+-------+---------+---------+-------
